 Dungeon Crawl Stone Soup version 0.28.0-43-g3370ac3207 (webtiles) character file.

Game seed: 17600265568755624673

6783 Peloso the Carver (level 10, -18/91 HPs)
             Began as a Minotaur Fighter on Mar 18, 2022.
             Was a High Priest of Okawaru.
             Demolished by a catoblepas (25 damage)
             ... on level 9 of the Dungeon.
             The game lasted 00:15:27 (12322 turns).

Peloso the Carver (Minotaur Fighter)               Turns: 12322, Time: 00:15:27

Health: -18/91     AC: 13    Str: 23    XL:     10   Next: 76%
Magic:  9/9        EV: 11    Int:  5    God:    Okawaru [*****.]
Gold:   538        SH:  5    Dex: 12    Spells: 9/9 levels left

rFire   . . .      SeeInvis +   a - +1 double sword
rCold   . . .      Faith    .   c - +0 buckler
rNeg    . . .      Spirit   .   q - +2 scale mail {Will+}
rPois   .          Reflect  .   (helmet restricted)
rElec   .          Harm     .   l - +0 cloak
rCorr   .          Rampage  .   (no gloves)
Will    +....                   f - +0 pair of boots
Stlth   ..........              (no amulet)
HPRegen 0.25/turn               m - ring of see invisible
MPRegen 0.11/turn               (no ring)

@: no status effects
A: horns 2, retaliatory headbutt
a: Renounce Religion, Heroism, Finesse, Duel


You were on level 9 of the Dungeon.
You worshipped Okawaru.
Okawaru was extremely pleased with you.
You visited 2 branches of the dungeon, and saw 10 of its levels.

You collected 538 gold pieces.

Inventory:

Hand Weapons
 a - a +1 double sword (weapon)
 b - a +0 dagger of flaming
Missiles
 h - a throwing net (quivered)
Armour
 c - a +0 buckler (worn)
 f - a +0 pair of boots (worn)
 l - a +0 cloak (worn)
 q - a +2 scale mail of willpower (worn)
 v - a +0 plate armour
 y - the +6 ring mail of Fortitude {Regen+ MP+9 Int-5 Slay+4}
   (You found it on level 6 of the Dungeon)

   Int:       It affects your intelligence (-5).
   Slay:      It affects your accuracy & damage with ranged weapons and melee
   (+4).
   MP:        It affects your magic capacity (+9).
   Regen:     It increases your rate of health regeneration.
Jewellery
 m - a ring of see invisible (left hand)
 u - a +4 ring of evasion
 z - a +6 ring of strength
Wands
 r - a wand of flame (12)
Scrolls
 e - 2 scrolls of fog
 i - 2 scrolls of teleportation
 k - 2 scrolls of enchant weapon
 o - a scroll of silence
 p - a scroll of magic mapping
 w - 3 scrolls of enchant armour
 x - a scroll of noise
Potions
 d - 2 potions of might
 g - a potion of curing
 j - a potion of attraction {unknown}
 n - a potion of resistance {unknown}
 s - a potion of haste {unknown}
 t - a potion of mutation {unknown}
 A - a potion of lignification {unknown}
 B - a potion of magic {unknown}


   Skills:
 + Level 9.3 Fighting
 + Level 12.5 Long Blades
 + Level 10.2 Armour
 + Level 5.2 Dodging
 + Level 1.7 Stealth
 + Level 6.6 Shields
 + Level 0.9 Invocations
 + Level 0.2 Evocations


You had 9 spell levels left.
You didn't know any spells.
Your spell library contained the following spells:

 Spells                   Type           Power      Damage    Failure   Level
 Sting                    Tmut/Pois      0%         1d3       82%         1
 Poisonous Vapours        Pois/Air       0%         N/A       91%         2
 Olgreb's Toxic Radiance  Pois           0%         N/A       100%        4
 Ozocubu's Refrigeration  Ice            0%         4d5       100%        7
 Ignition                 Fire           0%         3d3       100%        8


Dungeon Overview and Level Annotations

Branches:
Dungeon (9/15)             Temple (1/1) D:4
   Lair: D:8-11         Orc: D:9-12

Altars:
Ashenzari
Cheibriados
Dithmenos
Elyvilon
Fedhas
Gozag
Kikubaaqudgha
Makhleb
Okawaru
Qazlal
Ru
Sif Muna
Uskayaw
Vehumet
Xom
Yredelemnul
Zin
The Shining One

Shops:
D:5 *


Innate Abilities, Weirdness & Mutations

You have a pair of horns on your head.
You reflexively headbutt those who attack you in melee.


Message History

You are engulfed in calcifying dust.
The catoblepas gores you.
You are engulfed in calcifying dust.
You feel like a meek peon again. The catoblepas gores you!
You are engulfed in calcifying dust.
The catoblepas breathes a plume of calcifying dust at you.
The blast of calcifying dust hits you but does no damage.
The catoblepas gores you! The catoblepas gores you!!
The catoblepas gores you but does no damage.
The catoblepas gores you!
You turn to flesh and can move again.
You slice the catoblepas!!
You headbutt the catoblepas, but do no damage.
The catoblepas is moderately wounded.
The catoblepas gores you.
Unknown command.
You hit the catoblepas but do no damage.
You headbutt the catoblepas.
The catoblepas is moderately wounded.
You block the catoblepas's attack.
Unknown command.
You hit the catoblepas but do no damage.
The catoblepas is moderately wounded.
The catoblepas barely misses you.
Unknown command.
You hit the catoblepas.
You headbutt the catoblepas, but do no damage.
The catoblepas is moderately wounded.
The catoblepas gores you!
Unknown command.
You slice the catoblepas!! Your headbutt misses the catoblepas.
The catoblepas is severely wounded.
The catoblepas gores you!!
* * * LOW HITPOINT WARNING * * *
Unknown command.
You hit the catoblepas.
The catoblepas is severely wounded.
The catoblepas gores you!!
You die...

#.......# #.#
#.......# #.#
#.......######.#
####.#.......#<#
#.#.#####.#.#
#....####.#.#
###.##......#
..#####)##.##.###
#......@...##.#
.......Y......#
##.#.##..#.#### #
#.........
#.#..#....###
#.#........
......##...
#....##....
#........O


You could see a catoblepas.

Vanquished Creatures
  A two-headed ogre (D:9)
  A manticore (D:9)
  Psyche (D:9)
  A troll (D:8)
  A meliai (D:8)
  3 yaks (D:8)
  A wyvern (D:8)
  A shadow (D:6)
  Eustachio (D:5)
  A steam dragon (D:9)
  Menkaure (D:4)
  4 water moccasins
  3 orc warriors
  2 sky beasts
  A hornet zombie (D:8)
  3 necrophages
  An ogre (D:6)
  4 black bears
  2 centaurs
  2 phantoms
  A kobold brigand (D:8)
  4 bullfrogs
  4 scorpions
  3 water moccasin skeletons (D:5)
  5 killer bees (D:7)
  2 wights (D:5)
  2 centaur zombies
  5 hounds
  A bullfrog zombie (D:5)
  A human zombie (D:5)
  3 orc priests
  A jelly (D:6)
  A centaur skeleton (D:7)
  A gnoll shaman (D:5)
  4 iguanas
  A scorpion zombie (D:5)
  4 orc wizards
  A killer bee zombie (D:5)
  2 hound zombies (D:5)
  2 hound skeletons
  2 mummies (D:5)
  3 howler monkey zombies
  8 adders
  4 gnolls (D:5)
  A howler monkey skeleton (D:7)
  2 shadow imps (D:7)
  3 white imps
  An ufetubus (D:5)
  2 adder zombies (D:5)
  4 dart slugs
  16 orcs
  8 endoplasms
  7 giant cockroaches
  6 goblins
  11 hobgoblins
  8 jackals
  6 quokkas
  5 ball pythons
  A bat (D:2)
  4 frilled lizards
  10 kobolds
  4 rats
  2 bushes (D:1)
201 creatures vanquished.

Vanquished Creatures (others)
  An orc (D:9)
  15 plants
16 creatures vanquished.

Grand Total: 217 creatures vanquished

Notes
Turn   | Place    | Note
-------+----------+-------------------------------------------
     0 | D:1      | Peloso the Minotaur Fighter began the quest for the Orb.
     0 | D:1      | Reached XP level 1. HP: 19/19 MP: 0/0
   185 | D:1      | Reached XP level 2. HP: 27/27 MP: 1/1
  1136 | D:2      | Reached XP level 3. HP: 33/33 MP: 2/2
  1564 | D:2      | Reached skill level 3 in Long Blades
  1844 | D:2      | Found a faded altar of an unknown god.
  1908 | D:2      | Reached XP level 4. HP: 41/41 MP: 3/3
  2431 | D:3      | Found a shimmering altar of Xom.
  3028 | D:3      | Reached skill level 4 in Long Blades
  3155 | D:3      | Found a sacrificial altar of Ru.
  3157 | D:3      | Found a shadowy altar of Dithmenos.
  3407 | D:4      | Reached XP level 5. HP: 26/47 MP: 4/4
  3576 | D:4      | Reached skill level 5 in Armour
  3756 | D:4      | Reached skill level 1 in Dodging
  3895 | D:4      | Found a staircase to the Ecumenical Temple.
  3911 | Temple   | Entered the Ecumenical Temple
  4033 | Temple   | Became a worshipper of Warmaster Okawaru
  4073 | D:4      | Reached skill level 5 in Long Blades
  4073 | D:4      | Reached XP level 6. HP: 53/53 MP: 5/5
  4110 | D:4      | Noticed Menkaure
  4117 | D:4      | Killed Menkaure
  4117 | D:4      | Reached * piety under Okawaru
  4794 | D:4      | Reached XP level 7. HP: 49/60 MP: 6/6
  5093 | D:5      | Entered Level 5 of the Dungeon
  5095 | D:5      | Noticed Eustachio
  5109 | D:5      | Killed Eustachio
  5243 | D:5      | Reached skill level 6 in Long Blades
  5248 | D:5      | Reached skill level 5 in Fighting
  5319 | D:5      | You fall into a shaft and drop 1 floor!
  5377 | D:6      | Reached ** piety under Okawaru
  5494 | D:5      | Reached skill level 5 in Shields
  5526 | D:5      | Reached XP level 8. HP: 68/68 MP: 7/7
  5566 | D:5      | Found Busege's Gadget Gallery.
  5731 | D:5      | Reached skill level 7 in Long Blades
  6014 | D:5      | Found an ancient bone altar of Kikubaaqudgha.
  6102 | D:5      | Reached skill level 8 in Long Blades
  6773 | D:5      | Reached *** piety under Okawaru
  6954 | D:5      | Reached XP level 9. HP: 78/78 MP: 8/8
  7172 | D:6      | Identified the +6 ring mail of Fortitude {Regen+ MP+9 Int-5
                  | Slay+4}
  7185 | D:6      | Reached skill level 9 in Long Blades
  8058 | D:6      | Reached skill level 10 in Long Blades
  8883 | D:7      | Reached **** piety under Okawaru
  9221 | D:7      | Reached skill level 1 in Stealth
  9669 | D:7      | Reached XP level 10. HP: 83/88 MP: 9/9
  9820 | D:7      | Found a shimmering blue altar of Sif Muna.
  9966 | D:8      | Reached skill level 11 in Long Blades
 10847 | D:8      | Reached ***** piety under Okawaru
 11278 | D:9      | Noticed Psyche
 11443 | D:9      | Noticed a manticore
 11468 | D:9      | Killed Psyche
 11469 | D:9      | Reached skill level 12 in Long Blades
 11469 | D:9      | Reached skill level 5 in Dodging
 11529 | D:9      | Killed a manticore
 11937 | D:9      | Reached skill level 10 in Armour
 11984 | D:9      | Found a snail-covered altar of Cheibriados.
 12016 | D:9      | Noticed a catoblepas
 12016 | D:9      | Noticed a two-headed ogre
 12304 | D:9      | Killed a two-headed ogre
 12322 | D:9      | Demolished by a catoblepas

Illustrated notes

Levels and vault maps discovered:
D:1:      scummos_arrival_simple_crosswalls, layout_basic, serial_forest,
          infiniplex_forest_end_double, infiniplex_forest_clump_diagonal,
          infiniplex_forest_lined_room_3, infiniplex_forest_clump_small,
          infiniplex_forest_3_way, infiniplex_forest_lined_2,
          infiniplex_forest_lined_room_2
D:2:      minmay_door_path, layout_basic, dilly_ecumenical_altar_fadedgnrine,
          minmay_small_reverse_x
D:3:      layout_basic, nicolae_overflow_hidden_temple, minivault_4
D:4:      layout_layer_cave, minmay_temple_entry_glass, minmay_misc_feat_iff,
          uniq_menkaure
D:5:      minmay_skewed_foursquare, layout_loops_ring,
          lemuel_mausoleum_altar_kikubaaqudgha, nicolae_shop_gadgets,
          uniq_eustachio
D:6:      layout_basic
D:7:      layout_cave_pods, general_overflow_altar
D:8:      layout_layer_cave
D:9:      minmay_cut_squares, layout_loops_cross, kennysheep_slug_shrine,
          mainiacjoe_overflow_big_doors, nzn_wu_jian_contemplation, uniq_psyche
Temple:   minmay_temple_bridge_abc

Skill      XL: |  1  2  3  4  5  6  7  8  9 10 |
---------------+-------------------------------+-----
Armour         | 4 5 6 7 8 9 10 | 10.2
Fighting       | 4 5 6 8 9 |  9.3
Long Blades    | 3 4 5 6 8 10 12 | 12.5
Shields        | 4 5 6 |  6.6
Dodging        | 1 2 3 4 5 |  5.2
Stealth        | 1 |  1.7
Invocations    | |  0.9
Evocations     | |  0.2

Action                   |  1- 3 |  4- 6 |  7- 9 | 10-12 || total
-------------------------+-------+-------+-------+-------++-------
Melee: Long sword        |   178 |   126 |   285 |       ||   589
       Headbutt          |    48 |    28 |    68 |    26 ||   170
       Double sword      |       |       |    56 |   113 ||   169
Invok: Heroism           |       |       |     4 |     3 ||     7
Evoke: Wand              |       |       |       |     2 ||     2
  Use: Scroll            |       |     1 |    12 |       ||    13
Armor: Scale mail        |    31 |    63 |   159 |    56 ||   309
Dodge: Dodged            |    23 |    59 |   161 |    78 ||   321
Block: Buckler           |    12 |    37 |    84 |    27 ||   160
